Cogmind - Beta 15 @@@ ROGUE MODE // 2025.07.29 @ 14:21:06 Player: LightKnight Result: Destroyed by P1-3CE with P1-3CE's Gatling Flakker Performance ------------- Evolutions (1) 500 Regions Visited (6) 1200 Robots Destroyed (101) 505 Value Destroyed (2489) 2489 Prototype IDs (21) 420 Alien Tech Used (0) 0 Bonus (108) 108 TOTAL SCORE: 5222 Bonus ------- High Alert Combat Kills 23 Follower Combat Kills 85 Cogmind --------- Core Integrity 0/400 Matter 285/300 Energy 280/280 System Corruption 0% Temperature Cool (0) Movement Treading (240) Ox1 Location -8/Mines Parts ------- > --- POWER (1) -------- Cooled Ion Engine > --- PROPULSION (3) --- Improved Treads Improved Treads > --- UTILITY (2) ------ High-capacity Storage Unit > --- WEAPON (3) ------- Heavy Assault Rifle Autogun 8R-AWN's Boregun > --- INVENTORY (20) --- Cooled Ion Engine Reinforced Fission Core Improved Treads Advanced Myomer Leg Advanced Myomer Leg Experimental Heat Sink Large Storage Unit Experimental Sensor Array AS-neutralizer No. 17b Heavy Assault Rifle Autogun Rocket Launcher Peak State ------------ > --- POWER ------------ Cooled Ion Engine > --- PROPULSION ------- Improved Treads Improved Treads Improved Treads > --- UTILITY ---------- High-capacity Storage Unit > --- WEAPON ----------- Heavy Assault Rifle Autogun 8R-AWN's Boregun > --- INVENTORY -------- Cooled Ion Engine Reinforced Fission Core Improved Treads Advanced Myomer Leg Advanced Myomer Leg Experimental Heat Sink Large Storage Unit Experimental Sensor Array AS-neutralizer No. 17b Heavy Assault Rifle Autogun Rocket Launcher [Rating: 29] Favorites ----------- Power Cooled Ion Engine Engine Cooled Ion Engine Propulsion Light Treads Treads Light Treads Leg Aluminum Leg Utility Large Storage Unit Device Heat Sink Storage Large Storage Unit Protection Medium Armor Plating Weapon Improved Assault Rifle Energy Gun Medium Laser Energy Cannon Light EM Pulse Cannon Ballistic Gun Improved Assault Rifle Ballistic Cannon Light Cannon Launcher Rocket Launcher Special Melee Weapon Improved Datajack Build | -11 -10 -10 -9 -9 -9 -8 ------- Run | Yrd Mat Min Mat Min Exi Min Slots Evolved 2 | . . . 2 . . . Power . | . . . . . . . Propulsion 1 | . . . 1 . . . Utility . | . . . . . . . Weapon 1 | . . . 1 . . . Parts Attached 44 | 1 8 4 18 1 11 1 Power 6 | . 1 1 4 . . . Engine 6 | . 1 1 4 . . . Core . | . . . . . . . Reactor . | . . . . . . . Propulsion 14 | . 2 1 6 . 5 . Treads 14 | . 2 1 6 . 5 . Leg . | . . . . . . . Wheel . | . . . . . . . Hover . | . . . . . . . Flight . | . . . . . . . Utility 7 | . 2 1 2 1 1 . Device 4 | . 1 1 2 . . . Storage 2 | . 1 . . . 1 . Processor . | . . . . . . . Hackware . | . . . . . . . Protection 1 | . . . . 1 . . Artifact . | . . . . . . . Weapon 17 | 1 3 1 6 . 5 1 Energy Gun . | . . . . . . . Energy Cannon 4 | . 2 . 2 . . . Ballistic Gun 10 | 1 . . 4 . 4 1 Ballistic Cannon 1 | . 1 . . . . . Launcher 1 | . . 1 . . . . Special Weapon . | . . . . . . . Impact Weapon . | . . . . . . . Slashing Weapon . | . . . . . . . Piercing Weapon . | . . . . . . . Special Melee Weapon 1 | . . . . . 1 . Unidentified Prototypes 1 | . . . 1 . . . Parts Lost 14 | . . 2 1 . 10 1 Power . | . . . . . . . Propulsion 7 | . . 1 . . 5 1 Utility 3 | . . 1 1 . 1 . Weapon 4 | . . . . . 4 . Highest Loss Streak 6 | . . 1 1 . 6 1 To Critical Strikes 8 | . . . . . 8 . Average Backups 14 | 6 12 14 14 15 14 12 Power 1 | 1 1 2 1 1 1 2 Propulsion 4 | 4 5 1 5 6 5 3 Utility . | . . 1 . . 2 4 Weapon 6 | 1 3 8 7 6 5 3 Tool/Special . | . . . . . . . Unused Backups 32 | . 4 . 14 1 4 9 Power 7 | . . . 5 . . 2 Propulsion 8 | . 4 . 1 . . 3 Utility 8 | . . . 1 . 4 3 Weapon 8 | . . . 6 1 . 1 Tool/Special 1 | . . . 1 . . . Average Slot Usage (%) 97 | . 90 99 99 100 95 87 Engine 12 | . 14 14 11 11 11 11 Treads 30 | . 25 27 32 33 32 32 Device 7 | . 5 13 10 1 . . Storage 12 | . 14 14 11 11 11 11 Protection 2 | . . . . 9 7 . Energy Cannon 8 | . 11 13 10 . . . Ballistic Gun 16 | . 6 . 20 33 29 33 Ballistic Cannon 4 | . 6 13 1 . . . Peak Build Rating 29 | 6 9 10 21 22 23 29 Average Rating 15 | 6 7 8 19 21 21 28 On Entrance 13 | 6 6 9 9 21 22 22 Naked Turns . | . . . . . . . Heaviest Build 65 | 12 33 33 41 44 65 60 Greatest Support 69 | 20 40 40 63 63 69 69 Greatest Overweight (x) 1 | . 1 . . . 1 . Average Overweight (x) . | . . . . . . . Largest Inventory Capacity 20 | 8 15 15 15 15 20 20 Average Capacity 15 | 8 14 15 15 15 18 20 Most Carried 17 | 6 15 15 15 15 17 12 Average Carried 14 | 6 12 14 14 15 14 12 Final Capacity 20 | 8 15 15 15 15 20 20 Final Carried 15 | 6 14 14 15 15 12 12 Class Distribution -------------------- 42% | Mutant 39% | Gunner 17% | Tank Dominant Class ---------------- Mutant | -10/Materials Mutant | -10/Mines Gunner | -9/Materials Tank | -9/Mines Tank | -9/Exiles Gunner | -8/Mines Resources | -11 -10 -10 -9 -9 -9 -8 ----------- Run | Yrd Mat Min Mat Min Exi Min Matter Collected 2159 | 200 416 215 663 127 538 . Remotely . | . . . . . . . Salvage Created 3295 | . 671 526 1654 284 135 25 Parts 217 | . 47 32 106 23 7 2 Haulers Intercepted 6 | . 1 . 5 . . . Recyclers Shooed 1 | . . . 1 . . . Parts Field Recycled . | . . . . . . . Retrieved Matter . | . . . . . . . Parts Self-Destructed . | . . . . . . . Prevented . | . . . . . . . Kills | -11 -10 -10 -9 -9 -9 -8 ------- Run | Yrd Mat Min Mat Min Exi Min Combat Hostiles Destroyed 86 | . 20 15 34 9 8 . Guns 36 | . 8 . 16 9 3 . Cannons 45 | . 12 15 18 . . . AOE 5 | . . . . . 5 . Classes Destroyed 13 | . 7 3 3 . . . Worker 5 | . 2 1 . 1 . 1 Builder 4 | . . 2 1 1 . . Tunneler 1 | . . . 1 . . . Hauler 6 | . 1 . 5 . . . Recycler 1 | . . 1 . . . . Operator 1 | . 1 . . . . . Watcher 5 | . 2 . 3 . . . Swarmer 24 | . 9 4 7 4 . . Grunt 38 | . 10 10 15 3 . . Duelist 4 | . . . 2 2 . . Sentry 10 | . . . 10 . . . Subdweller 1 | . 1 . . . . . Assembled 8 | . . 1 . . 7 . Best Kill Streak 7 | . 4 4 5 4 7 1 Combat Bots Only 7 | . 4 3 5 4 7 . Max Kills in Single Turn 2 | . 1 1 2 1 2 1 Gunslinging 1 | . . . 1 . . . Exploded 2 | . . . . . 2 . Melee . | . . . . . . . Uniques/NPCs Destroyed 1 | . . . . . 1 . 8R-AWN (-9/Exiles) Combat | -11 -10 -10 -9 -9 -9 -8 -------- Run | Yrd Mat Min Mat Min Exi Min Hostile Shots Fired 314 | . 77 38 63 30 88 18 Missed 78 | . 25 10 20 7 15 1 Hits 236 | . 52 28 43 23 73 17 Melee 13 | . . . 2 3 8 . Projectile 223 | . 52 28 41 20 65 17 Critical Strikes 35 | . . . 2 . 33 . Damage Taken 3471 | . 579 376 549 288 1290 389 Core 604 | . 97 86 107 62 86 166 Absorbed by Shields . | . . . . . . . Regen/Repaired (Parts) 228 | . 115 . 113 . . . Core Remaining (%) 63 | 100 . 26 . . . . Volleys Fired 245 | . 79 33 77 13 42 1 Largest 3 | . 2 2 3 3 3 3 Hottest 154 | . 110 86 154 69 69 76 Shots Fired 598 | . 158 63 229 39 106 3 Gun 344 | . 64 . 139 39 99 3 Cannon 245 | . 94 61 90 . . . Launcher 9 | . . 2 . . 7 . Special . | . . . . . . . Kinetic 397 | . 74 30 152 39 99 3 Thermal 122 | . 84 . 38 . . . Explosive 9 | . . 2 . . 7 . Electromagnetic 70 | . . 31 39 . . . Robot Hit Streak 17 | . 15 8 14 9 17 3 Robot Miss Streak 4 | . 4 3 4 2 3 2 Penetration Max . | . . . . . . . Secondary Targets 9 | . 2 . 2 4 1 . Max Gunslinging Chain 1 | . 1 . 1 1 1 . Shots Hit Robots 392 | . 98 37 143 29 84 1 Core Hits 152 | . 34 20 56 12 29 1 Critical Kills . | . . . . . . . Critical Parts Destroyed . | . . . . . . . Critical Strikes 7 | . 4 . 1 . 2 . Burn 2 | . 2 . . . . . Destroy 2 | . . . . . 2 . Blast 3 | . 2 . 1 . . . Melee Attacks 6 | . . . . . 6 . Impact . | . . . . . . . Slashing . | . . . . . . . Piercing . | . . . . . . . Sneak Attacks 6 | . . . . . 6 . Combat Hostiles . | . . . . . . . Follow-up Attacks . | . . . . . . . Damage Inflicted 7573 | . 1553 1188 2796 502 1503 31 Guns 3852 | . 591 . 1608 487 1136 30 Cannons 2882 | . 951 798 1133 . . . Explosions 741 | . . 374 . . 367 . Melee . | . . . . . . . Ramming 98 | . 11 16 55 15 . 1 Kinetic 4477 | . 770 312 1742 487 1136 30 Thermal 1431 | . 772 130 529 . . . Explosive 611 | . . 244 . . 367 . Electromagnetic 956 | . . 486 470 . . . Impact . | . . . . . . . Slashing . | . . . . . . . Piercing . | . . . . . . . Highest Corruption 1 | . 1 1 . . . . Average Corruption 1 | . 1 1 . . . . Corruption Purged . | . . . . . . . Corruption Blocked . | . . . . . . . Effects 12 | . 3 9 . . . . Message Errors 3 | . . 3 . . . . Matter Fused 4 | . 1 3 . . . . Heat Flow Errors 1 | . . 1 . . . . Energy Discharges 2 | . 1 1 . . . . Data Loss (minor) 1 | . . 1 . . . . Alerts 1 | . 1 . . . . . Overload Shots . | . . . . . . . Overflow Damage 58 | . 8 49 . . 1 . Projectiles 36 | . 8 28 . . . . Explosions 22 | . . 21 . . 1 . Melee . | . . . . . . . Knockbacks 6 | . 4 2 . . . . Impact . | . . . . . . . Kinetic 6 | . 4 2 . . . . Secondary . | . . . . . . . Self-Inflicted Damage 31 | . . 31 . . . . Shots 1 | . . 1 . . . . Rammed 14 | . 1 3 9 . . 1 Targets Rammed 22 | . 2 6 11 2 . 1 Kicked 1 | . 1 . . . . . Crushed 7 | . . 3 2 2 . . Highest Temperature 215 | . 174 177 215 18 40 . Average Temperature 56 | . 68 31 65 5 18 . Received Heat Transfer 644 | . 228 176 186 54 . . Siege Activations . | . . . . . . . Martial Activations . | . . . . . . . Shielding Activations . | . . . . . . . Robots Disrupted . | . . . . . . . Combat Hostiles . | . . . . . . . Robots Corrupted . | . . . . . . . Combat Hostiles . | . . . . . . . Parts Fried 1 | . . . 1 . . . Impact Corruptions . | . . . . . . . Robots Melted . | . . . . . . . Combat Hostiles . | . . . . . . . Parts Melted 3 | . 2 . 1 . . . Heat Transferred 2925 | . 1887 150 888 . . . Parts Sabotaged . | . . . . . . . Parts Stolen . | . . . . . . . Parts Stripped . | . . . . . . . Power Chain Reactions . | . . . . . . . Alert | -11 -10 -10 -9 -9 -9 -8 ------- Run | Yrd Mat Min Mat Min Exi Min Maximum Alert Level 2 | . 1 . 2 1 . . Low Security (%) 72 | 100 76 100 41 93 . 100 Level 1 18 | . 23 . 32 6 . . Level 2 9 | . . . 25 . . . Level 3 . | . . . . . . . Level 4 . | . . . . . . . Level 5 . | . . . . . . . High Security . | . . . . . . . Max Security . | . . . . . . . Peak Influence 457 | . 267 173 457 235 . 6 Initial 165 | . . 66 37 165 . . Average 150 | . 120 100 229 102 . . Influence Increases 2664 | . 645 608 1185 220 . 6 Destroy 0b10 Robot/C 1660 | . 380 420 680 180 . . Destroy 0b10 Robot/NC 115 | . 30 20 50 10 . 5 Destroy Leader 352 | . 76 50 196 30 . . Allied During Kill 58 | . . 53 5 . . . Successful Hack 62 | . 21 . 41 . . . Select Force Hacks 120 | . 60 . 60 . . . Disable Machine 120 | . 15 30 75 . . . Destroy Structure 42 | . 3 35 3 . . 1 Lose Combat Pursuer 135 | . 60 . 75 . . . Influence Decreases 2658 | . 473 684 856 645 . . Entered New Map 425 | . . 106 59 260 . . Time Decay 1953 | . 473 498 597 385 . . Lost Part 30 | . . 20 10 . . . Lost Ally 100 | . . 60 40 . . . Purge Threat 150 | . . . 150 . . . Squads Dispatched 6 | . 3 . 3 . . . Investigation 5 | . 3 . 2 . . . Extermination . | . . . . . . . Reinforcement 1 | . . . 1 . . . Assault . | . . . . . . . Garrison . | . . . . . . . Intercept . | . . . . . . . Searches Triggered . | . . . . . . . Construction Impeded . | . . . . . . . Haulers Reinforced . | . . . . . . . Active Scanning Responses . | . . . . . . . Cargo Convoy Interrupts . | . . . . . . . Stealth | -11 -10 -10 -9 -9 -9 -8 --------- Run | Yrd Mat Min Mat Min Exi Min Distress Signals 4 | . 1 2 1 . . . Communications Jammed . | . . . . . . . Distress Signals . | . . . . . . . Times Spotted 111 | . 29 21 45 8 7 1 Peak Tracking Total 9 | . 4 3 4 4 9 1 Tactical Retreats 7 | . 3 . 4 . . . Traps | -11 -10 -10 -9 -9 -9 -8 ------- Run | Yrd Mat Min Mat Min Exi Min Traps Triggered 4 | . 4 . . . . . Indirectly . | . . . . . . . Trap Hack Attempts . | . . . . . . . Triggered . | . . . . . . . Disarmed 5 | . . . 5 . . . Reprogrammed . | . . . . . . . Reused . | . . . . . . . Traps Extracted . | . . . . . . . Installed . | . . . . . . . Triggered . | . . . . . . . Machines | -11 -10 -10 -9 -9 -9 -8 ---------- Run | Yrd Mat Min Mat Min Exi Min Machines Disabled 11 | . 1 2 5 . 3 . Max in Single Turn 1 | . 1 1 1 . 1 . Machines Repaired . | . . . . . . . Machines Dismantled . | . . . . . . . Machines Sabotaged . | . . . . . . . Overloaded Fab Kills . | . . . . . . . Hacking | -11 -10 -10 -9 -9 -9 -8 --------- Run | Yrd Mat Min Mat Min Exi Min Machines Accessed 26 | . 11 . 14 . 1 . Terminals 19 | . 8 . 11 . . . Fabricators . | . . . . . . . Repair Stations 2 | . 1 . 1 . . . Recycling Units 4 | . 2 . 2 . . . Scanalyzers . | . . . . . . . Garrison Access . | . . . . . . . Total Hacks 54 | . 22 . 31 . 1 . Successful 36 | . 15 . 20 . 1 . Failed 18 | . 7 . 11 . . . Catastrophic 1 | . 1 . . . . . Database Lockouts . | . . . . . . . Manual 30 | . 13 . 17 . . . Terminals 44 | . 18 . 26 . . . Fabricators . | . . . . . . . Repair Stations 4 | . 2 . 2 . . . Recycling Units 5 | . 2 . 3 . . . Scanalyzers . | . . . . . . . Garrison Access . | . . . . . . . Terminal Hacks 18 | . 7 . 10 . 1 . Record 1 | . . . . . 1 . Robot Analysis 4 | . 3 . 1 . . . Prototype ID Bank 6 | . 3 . 3 . . . Terminal Index 1 | . 1 . . . . . Unreport Threat 1 | . . . 1 . . . Locate Traps 3 | . . . 3 . . . Disarm Traps 1 | . . . 1 . . . Hauler Manifests 1 | . . . 1 . . . Fabricator Hacks . | . . . . . . . Repair Station Hacks 4 | . 2 . 2 . . . Scan Component 2 | . 1 . 1 . . . Repair 2 | . 1 . 1 . . . Recycling Unit Hacks . | . . . . . . . Scanalyzer . | . . . . . . . Garrison Access Hacks . | . . . . . . . Unauthorized Hacks 14 | . 6 . 8 . . . Terminals 10 | . 4 . 6 . . . Botnet 9 | . 4 . 5 . . . Skim 1 | . . . 1 . . . Fabricators . | . . . . . . . Repair Stations . | . . . . . . . Recycling Units 4 | . 2 . 2 . . . Tunnel 4 | . 2 . 2 . . . Scanalyzers . | . . . . . . . Garrison Access . | . . . . . . . Data Cores Recovered 1 | . 1 . . . . . Used . | . . . . . . . Hacking Detections 18 | . 8 . 10 . . . Full Trace Events . | . . . . . . . Feedback Events . | . . . . . . . Feedback Blocked . | . . . . . . . Robot Schematics Acquired . | . . . . . . . Robots Built . | . . . . . . . Authchips . | . . . . . . . Time . | . . . . . . . Total Robot Build Rating . | . . . . . . . Part Schematics Acquired . | . . . . . . . Parts Built . | . . . . . . . Authchips . | . . . . . . . Time . | . . . . . . . Total Part Build Rating . | . . . . . . . Parts Repaired 2 | . 1 . 1 . . . Time 52 | . 26 . 26 . . . Parts Recycled . | . . . . . . . Recycled Matter . | . . . . . . . Retrieved Matter . | . . . . . . . Retrieved Components . | . . . . . . . Parts Scanalyzed . | . . . . . . . Part Schematics Acquired . | . . . . . . . Parts Damaged . | . . . . . . . Bothacking | -11 -10 -10 -9 -9 -9 -8 ------------ Run | Yrd Mat Min Mat Min Exi Min Used RIF Installer . | . . . . . . . Robots Hacked 4 | . . . . . 4 . Non-combat 3 | . . . . . 3 . Combat 1 | . . . . . 1 . Robot Hacks Applied 6 | . . . . . 6 . parse_system 6 | . . . . . 6 . Relay Couplers Released . | . . . . . . . Fabnet Peak Effective % . | . . . . . . . Robots Rewired . | . . . . . . . Allies Hacked . | . . . . . . . Hacks Repelled . | . . . . . . . Allies | -11 -10 -10 -9 -9 -9 -8 -------- Run | Yrd Mat Min Mat Min Exi Min Total Allies 6 | . . 6 . . . . Largest Group 4 | . . 4 2 . . . Highest-Rated Group 71 | . . 71 50 . . . Highest-Rated Ally 31 | . . 31 31 . . . Total Orders . | . . . . . . . Ally Attacks 36 | . . 36 . . . . Total Damage 326 | . . 326 . . . . Kills 7 | . . 7 . . . . Allies Corrupted . | . . . . . . . Allies Melted . | . . . . . . . Intel | -11 -10 -10 -9 -9 -9 -8 ------- Run | Yrd Mat Min Mat Min Exi Min Active Infowar (turns) . | . . . . . . . Robot Analysis Total 4 | . 3 . 1 . . . Derelict Logs Recovered 2 | . . 1 . 1 . . Drone Launches . | . . . . . . . Drone Recoveries . | . . . . . . . Exploration | -11 -10 -10 -9 -9 -9 -8 ------------- Run | Yrd Mat Min Mat Min Exi Min Turns Passed 6719 | 2 1365 1320 2135 1029 776 92 Spaces Moved 3381 | 1 672 618 1095 613 333 49 Core . | . . . . . . . Treads 3329 | . 621 618 1095 613 333 49 Legs 52 | 1 51 . . . . . Wheels . | . . . . . . . Hover . | . . . . . . . Flight . | . . . . . . . Fastest Speed 120 | 120 120 160 160 160 160 160 Average Speed 161 | 120 157 160 160 160 177 160 Slowest Speed 240 | 120 240 160 160 160 240 160 Overloaded Moves . | . . . . . . . Propulsion Burnouts . | . . . . . . . Robots Hopped . | . . . . . . . Potential Cave-ins . | . . . . . . . Cave-ins Triggered . | . . . . . . . Exploration Rate (%) 67 | 2 97 96 98 99 65 16 Regions Visited 6 Branch Regions 4 Pre-discovered Areas 5 | . 2 . 2 . 1 . Known Exits Taken . | . . . . . . . Unknown Exits Taken 6 | 1 1 1 1 1 1 . Scrap Searched 5 | . . 3 . 2 . . Spaces Dug . | . . . . . . . Terrain Destroyed 59 | . . 46 . . 11 2 Melee . | . . . . . . . Projectile 2 | . . . . . . 2 AOE 57 | . . 46 . . 11 . Terrain Rammed . | . . . . . . . Walls Destroyed . | . . . . . . . Machines Disabled . | . . . . . . . Actions | -11 -10 -10 -9 -9 -9 -8 --------- Run | Yrd Mat Min Mat Min Exi Min Total 4158 | 1 819 881 1321 631 446 59 Wait 356 | . 35 217 61 . 36 7 Move 3375 | . 671 617 1094 612 332 49 Hop . | . . . . . . . Pick Up 43 | . 7 1 24 1 10 . Fast Attach 19 | . 11 1 6 1 . . Attach 16 | . 2 1 3 . 10 . Detach 7 | . 6 . 1 . . . Swap 23 | 1 2 4 10 . 5 1 Drop 46 | . 4 1 34 2 5 . Fire 245 | . 79 33 77 13 42 1 Melee 6 | . . . . . 6 . Ram . | . . . . . . . Kick 1 | . 1 . . . . . Crush 21 | . 1 6 11 2 . 1 Escape Stasis . | . . . . . . . Rewire . | . . . . . . . Trap . | . . . . . . . Miscellaneous . | . . . . . . . Route ------- -11/Scrapyard -10/Materials (discovered 4 exits: *Mat x3 / [*Min]) -10/Mines (discovered 3 exits: *Mat x2 / [*Sub]) -9/Materials (discovered 5 exits: *Mat x3 / [*Min x2]) -9/Mines (discovered 3 exits: *Mat x2 / *Exi) -9/Exiles -8/Mines History --------- Turn | Location | Event 3 | -11/Scrapyard | Discovered new exit (range 0) 3 | -11/Scrapyard | Entered Materials 304 | -10/Materials | Build established: Mutant 528 | -10/Materials | Discovered new exit (range 6) 742 | -10/Materials | Discovered new exit (range 5) 872 | -10/Materials | Discovered new exit (range 13) 903 | -10/Materials | Derelicts attacked the area 974 | -10/Materials | Discovered new exit (range 5) 1037 | -10/Materials | Repaired Lgt. Treads 1368 | -10/Materials | Entered Mines 1370 | -10/Mines | Assisted by bots powering up and referring to "LRC-V3" 1401 | -10/Mines | Received a Rocket Launcher from a helpful Derelict 1473 | -10/Mines | Learned Materials terminal intel 1509 | -10/Mines | Core integrity fell below 50% 1560 | -10/Mines | Discovered new exit (range 12) 1600 | -10/Mines | Found a Scrap Suit stashed away for nefarious purposes 1619 | -10/Mines | Received a Mining Laser from a helpful Derelict 1764 | -10/Mines | Excavation squad dispatched 1764 | -10/Mines | A large section of the Mines collapsed 2014 | -10/Mines | Excavation squad dispatched 2360 | -10/Mines | Discovered new exit (range 9) 2512 | -10/Mines | Discovered new exit (range 8) 2688 | -10/Mines | Entered Materials 2688 | -9/Materials | Accompanied by 2 allies 2688 | -9/Materials | Evolved 2 slots: Propulsion x1, Weapon x1 2689 | -9/Materials | Loaded intel: 12 terminal locations 2693 | -9/Materials | Led the pair of lost Derelicts to an unsafe place 3011 | -9/Materials | Build established: Gunner 3091 | -9/Materials | Repaired Lgt. Treads 3170 | -9/Materials | Discovered new exit (range 8) 3357 | -9/Materials | Discovered new exit (range 14) 3439 | -9/Materials | Discovered new exit (range 9) 4095 | -9/Materials | Discovered new exit (range 7) 4574 | -9/Materials | Discovered new exit (range 6) 4823 | -9/Materials | Entered Mines 5023 | -9/Mines | Identified exit to Materials 5179 | -9/Mines | Deemed a non-threat by the Exiles lab entrance 5298 | -9/Mines | Build established: Tank 5313 | -9/Mines | A weapon hastily lodged in a ceiling crevice suddenly fell to the ground 5508 | -9/Mines | Discovered exit to Materials (range 8) 5553 | -9/Mines | Found a damaged Exp. Sensor Array with a note attached 5556 | -9/Mines | Found Prototype Device 5845 | -9/Mines | Discovered new exit (range 5) 5852 | -9/Mines | Entered Exiles 5892 | -9/Exiles | Met 8R-AWN 5918 | -9/Exiles | Met EX-HEX 5995 | -9/Exiles | Met EX-BIN 6069 | -9/Exiles | Met EX-DEC 6077 | -9/Exiles | Learned location of Zion (-6) 6350 | -9/Exiles | Attacked by the Exiles 6387 | -9/Exiles | Core integrity fell below 50% 6421 | -9/Exiles | Destroyed 7 combat bots 6515 | -9/Exiles | Lost 6 parts (3n3w) 6531 | -9/Exiles | Destroyed 8R-AWN 6558 | -9/Exiles | Found AS-neutralizer No. 17b 6559 | -9/Exiles | Lost 3 parts (2n1w) 6563 | -9/Exiles | Found 8R-AWN's Boregun 6616 | -9/Exiles | Discovered new exit (range 10) 6628 | -9/Exiles | Entered Mines 6687 | -8/Mines | Build established: Gunner 6716 | -8/Mines | P1-3CE came to Exiles' defense 6719 | -8/Mines | Core integrity fell below 20% 6720 | -8/Mines | Destroyed by P1-3CE with P1-3CE's Gatling Flakker Last Messages --------------- 06528_ Lgt. Treads destroyed. 06531_ 8R-AWN destroyed. 06535_ Acquired 116 matter. 06539_ Acquired Rnf. Fission Core. 06541_ Acquired Adv. Myomer Leg. 06550_ Extracted 6 energy. 06553_ Dropped Lrg. Matter Pod. 06558_ Acquired AS-neutralizer No. 17b. 06561_ Acquired Exp. Heat Sink. 06563_ Acquired 8R-AWN's Boregun. 06584_ Extracted 122 matter. 06616_ EXIT=FOUND A strange signal echoes through the mines. LOCATION=UNKNOWN GOAL=ESCAPE 06640_ Slammed into T-07 Excavator. 06716_ P1-3CE: "I came as fast as I could... Wait, it was you!" 06717_ Imp. Treads destroyed. 06717_ K-01 Serf destroyed. 06717_ HV Slug penetrates Wall. Map ----- +----------------------------------------------------+ | ?????????????????????????????????????? | | ?????????????????????????????????????? | | ?????????????????????????????????????? | | ?????????????????????????????????????? | | ?????????????????????????????????????? | | ?????????????????????????????????????? | | ?????????????????????????????????????? | | ?????????????????????????????????????? | | ?????????????????????????????????????? | | ?????????????????????????????????????? | | ?????????????????????????????????????? | | ?????????????????????????????????????? | | ?????????????????????????????????????? | | ?????????????????????????????????????? | | ?????????????????????????????????????? | | ?????????????????????????????????????? | | ?????????????????????????????????????? | | ?????????????????????????????????????? | | ?????????????????????????????????????? | | ??????####???????##??????????????????? | | ?????## #?????? ??????????????????? | | ????## #????# ??????????????????? | | ????# #???# #??????????????????? | | ????# ##?# #??????????????????? | | ????# #?# #??????????????????? | | ?????# @### #??????????????????? | | ?????## M## #??????????????????? | | ??????#### ##?????????????????? | | ?????????## ! ##????????????????? | | ??????????# % #####????????????? | | ??????????# * ##???????????? | | ??????????## ##??????????? | | ???????????## k #??????????? | | ????????????## #??????????? | | ?????????????## ##??????????? | | ??????????????## #####???????????? | | ????????######### ##???????????????? | | ????????# ## ;#????????????????? | | ????????# ## # ????????????????? | | ????????# #?????????????????? | | ????????# """ ## #####??????????????? | | ????????# """ ## ## ##?????????????? | | ????????# """ ## ## #?????????????? | | ????????# ## ##????????????? | | ????????############# ##???????????? | | ???????????????????## #???????????? | | ???????????????????# #???????????? | | ???????????????????# #???????????? | | ??????????????????## ##???????????? | | ??????????????????# ##????????????? | +----------------------------------------------------+ Best States ------------- Heat Dissipation 42 Energy Generation 14 Energy Capacity 280 Matter Stores 300 Matter Capacity 300 Sight Range 16 Terrain Scan Density 10 Armor Coverage 225 Evasion (%) 55 Recoil Reduction 3 Item Schematics ----------------- None Robot Schematics ------------------ None Fabricated ------------ Nothing Repaired ---------- Lgt. Treads | 17% | -10/Materials Lgt. Treads | 19% | -9/Materials Alien Tech Used ----------------- None Achievements -------------- None Challenges ------------ None Game ------ Seed FactoryTripodLoader Manual? 0 Play Time 00:30:55 Cumulative 407.7 hours Start 2025.07.29 @ 13:50:45 End 2025.07.29 @ 14:21:06 Sessions 1 Manual Loads 0 Difficulty Rogue Special Mode None Game No. 270 Rogue 270 Adventurer 0 Explorer 0 Win Type - Total 28 Types 22/0/4/2/0/0/0/0/0/0 Lore% 91 Gallery% 82 Achievement% 68 Wizard Run 0 Options --------- Layout 0 ASCII 1 Keyboard 1 Movement Arrows Keybinds 0 Fullscreen 2 Font 18/Terminus Map View 76x50 Zoom Use 0% Tactical HUD 1 Map Filters NONE Filters NONE Steam 1 RUN: 2dd5e11c-f670-43d8-85b9-62f0bc2f2d8e